 Dungeon Crawl Stone Soup version 0.31.0-32-g396128a36d (webtiles) character file.

Game seed: 18081851444088866740

98775 concernfroge the Warrior (level 15, 0/147 HPs)
             Began as a Minotaur Berserker on Apr 14, 2024.
             Was a High Priest of Trog.
             Incinerated by a deep elf pyromancer (11 damage)
             ... with a pyre arrow
             ... on level 2 of the Orcish Mines.
             The game lasted 01:48:13 (21036 turns).

concernfroge the Warrior (Minotaur Berserker)      Turns: 21036, Time: 01:48:14

Health: 0/147      AC: 25    Str: 28    XL:     15   Next: 75%
Magic:  14/14      EV: 11    Int:  7    God:    Trog [*****.]
Gold:   5          SH:  0    Dex: 11    Spells: 14/14 levels left

rFire   + . .        a - +2 glaive (heavy)
rCold   + . .        (shield currently unavailable)
rNeg    . . .        c - +1 plate armour
rPois   .            (helmet restricted)
rElec   .            A - scarf {+Inv}
rCorr   +            E - +2 pair of gloves
SInv    .            Z - +1 pair of boots
Will    +++..        e - amulet of regeneration Stlth
                     r - ring of protection from fire
HPRegen 2.24/turn    T - ring "Redorhoil" {rC+ rCorr Int+3 Slay-3}
MPRegen 0.14/turn

%: no passive effects
@: on fire, strong-willed (expiring), on berserk cooldown, regenerating
(expiring), slowed, glowing, studying Shields, very slow
A: horns 2, retaliatory headbutt
a: Renounce Religion, Evoke Invisibility, Berserk, Trog's Hand, Brothers in Arms


You were on level 2 of the Orcish Mines.
You worshipped Trog.
Trog was extremely pleased with you.
You visited 5 branches of the dungeon, and saw 24 of its levels.
You also visited: Ice Cave.

You collected 2011 gold pieces.
You spent 2006 gold pieces at shops.

Inventory:

Hand Weapons
 a - a +2 heavy glaive (weapon)
 b - a +2 antimagic glaive
 f - the +5 demon whip "Spellbinder" {antimagic, disrupt, Will+}
   (You bought it in a shop on level 2 of the Orcish Mines)

   Will+:     It increases your willpower.
 V - a +0 vampiric trident
Missiles
 h - 32 poisoned darts (quivered)
 u - 4 javelins
 v - 12 boomerangs
Armour
 c - a +1 plate armour (worn)
 A - a scarf of invisibility (worn)
 E - a +2 pair of gloves (worn)
 M - a +1 kite shield of cold resistance
 Z - a +1 pair of boots (worn)
Jewellery
 e - an amulet of regeneration (around neck)
 r - a ring of protection from fire (left hand)
 O - the amulet of Quph {Acrobat rC+}
   (You found it in an ice cave)

   [amulet of the acrobat]

   Acrobat:   It increases your evasion while moving and waiting.
   rC+:       It protects you from cold.
 T - the ring "Redorhoil" (right hand) {rC+ rCorr Int+3 Slay-3}
   (You found it on level 5 of the Lair of Beasts)

   [ring of protection from cold]

   Int+3:     It affects your intelligence (+3).
   Slay-3:    It affects your accuracy & damage with ranged weapons and melee
   (-3).
   rC+:       It protects you from cold.
   rCorr:     It protects you from acid and corrosion.
Wands
 s - a wand of flame (56)
 w - a wand of paralysis (20)
 B - a wand of roots (25)
 H - a wand of digging (17)
 J - a wand of polymorph (3)
 P - a wand of light (5)
Scrolls
 d - 9 scrolls of teleportation
 k - 5 scrolls of blinking
 l - 2 scrolls of enchant weapon
 m - 2 scrolls of vulnerability
 n - 3 scrolls of fog
 o - a scroll of silence
 p - 3 scrolls of immolation
 t - a scroll of summoning
 y - 3 scrolls of poison
 D - 4 scrolls of revelation
 I - 2 scrolls of fear
 R - a scroll of torment
 X - a scroll of brand weapon
Potions
 g - a potion of enlightenment
 i - a potion of haste
 j - 3 potions of heal wounds
 F - 4 potions of curing
 G - a potion of ambrosia
 K - a potion of invisibility
 L - 3 potions of lignification
 S - a potion of cancellation
 W - 2 potions of mutation
Miscellaneous
 Q - a condenser vane
 U - a lightning rod (4/4)


   Skills:
 - Level 17.2 Fighting
 + Level 2.9 Maces & Flails
 - Level 17.2 Polearms
 - Level 6.1 Throwing
 - Level 17.0 Armour
 - Level 8.0 Dodging
 + Level 9.2 Shields
 - Level 8.4 Evocations


You had 14 spell levels left.
You didn't know any spells.
Your spell library was empty.

Dungeon Overview and Level Annotations

Branches:
Dungeon (15/15)            Temple (1/1) D:6            Lair (5/5) D:8
  Swamp (0/4) Lair:3        Snake (0/4) Lair:3        Slime (0/5) Lair:5
    Orc (2/2) D:9             Elf (1/3) Orc:2        Vaults (0/5) D:14
 Depths (0/4) D:15          IceCv (visited)

Altars:
Ashenzari
Cheibriados
Dithmenos
Elyvilon
Fedhas
Gozag
Hepliaklqana
Kikubaaqudgha
Makhleb
Nemelex Xobeh
Okawaru
Qazlal
Ru
Sif Muna
Trog
Uskayaw
Vehumet
Wu Jian
Xom
Yredelemnul
Zin
The Shining One
Jiyva

Shops:
D:5 ?   D:15 [   Orc:1 :   Orc:2 (:??

Annotations:
D:3 1 runed translucent door, exclusion: door, Crazy Yiuf
D:7 2 transporters, bigdog255's ghost, novice DECj
Lair:1 3 runed translucent doors, exclusion: 3 doors, TacoSundae's ghost, journeyman AtFi


Innate Abilities, Weirdness & Mutations

You have a pair of horns on your head.
You reflexively headbutt those who attack you in melee.


Message History

You shake off some of the fire as you move.
You climb upwards.
Welcome back to the Orcish Mines!
The liquid fire burns you!
* * * LOW HITPOINT WARNING * * *
There is a staircase to the Elven Halls here.
You miss the deep elf pyromancer.
Your headbutt misses the deep elf pyromancer.
The liquid fire burns you!
* * * LOW HITPOINT WARNING * * *
The deep elf pyromancer hits you with a +0 long sword.
* * * LOW HITPOINT WARNING * * *
The deep elf pyromancer hits you with a +0 long sword.
* * * LOW HITPOINT WARNING * * *
You cut the deep elf pyromancer into ribbons!!!!
You kill the deep elf pyromancer!
Trog accepts your kill.
Trog appreciates your killing of a magic user.
The liquid fire burns you!
* * * LOW HITPOINT WARNING * * *
The deep elf pyromancer casts a spell.
The deep elf pyromancer blinks!
Reach: a) +2 glaive (heavy)
Press: ? - help, Dir - move target, f - deep elf pyromancer
Aim: a deep elf pyromancer, wielding a +0 long sword (about 42% to evade your +2 heavy glaive)
You reach to attack!
You slice the deep elf pyromancer!!
The deep elf pyromancer is severely wounded.
The liquid fire burns you!
* * * LOW HITPOINT WARNING * * *
You carve the deep elf pyromancer like a ham!!!
You kill the deep elf pyromancer!
Trog accepts your kill. Trog grants you a weapon!
Something appears at your feet!
You see here a +3 heavy lajatang.
Trog appreciates your killing of a magic user.
The liquid fire burns you!
* * * LOW HITPOINT WARNING * * *
You feel the effects of Trog's Hand fading.
You shake off some of the fire as you move.
The liquid fire burns you!
You die...

##............#
#.............# §
##...........#### #
###.....<[......#.### ##
#
####.......[#[.........##
#≈###
#.........)###..).....#.#
#≈≈#.
##..........##...)....###
#§≈#.
##........##....>..###
##≈§8.
##.......#....@...#
#≈§≈.. ##.............###
#≈§§≈. ##.............#
#≈§§≈. ##........[[.##
#≈≈≈≈. #..........##
#≈§≈.. ##.._........#
##≈... ##............#
#≈§.8 #.............####
#§...
####.........[..#..##
#≈#'#


There were no monsters in sight!

Vanquished Creatures
  An azure jelly (IceCv)
  A stone giant (D:15)
  2 quicksilver oozes (IceCv)
  A deep elf annihilator (Elf:1)
  An entropy weaver (shapeshifter) (D:14)
  3 ogre magi (D:15)
  A catoblepas (Lair:5)
  4 boulder beetles
  Erolcha (Orc:2)
  3 hydras
  3 centaur warriors
  2 tengu warriors (D:15)
  12 two-headed ogres
  A deep troll shaman (Lair:5)
  9 death yaks
  A skyshark (Lair:5)
  A goliath frog (Lair:3)
  3 skeletal warriors (D:12)
  Amaemon (Lair:1)
  A lindwurm (Lair:2)
  2 deep elf zephyrmancers (Elf:1)
  A steelbarb worm (shapeshifter) (D:14)
  2 orc knights
  9 orc sorcerers (Orc:2)
  3 manticores
  6 deep elf pyromancers
  An oklob plant (Lair:3)
  19 ugly things
  3 cyclopes
  3 meliai (D:14)
  24 elephants
  An orange demon (Lair:1)
  An ice statue (IceCv)
  Maggie (D:10)
  A gargoyle (D:12)
  11 cane toads
  3 unseen horrors
  A yaktaur (D:15)
  2 rime drakes
  Psyche (D:9)
  2 ice devils (Orc:1)
  8 komodo dragons
  4 trolls
  3 polar bears
  A hornet (D:10)
  13 blink frogs
  5 dream sheep (Lair:3)
  22 slime creatures
  3 wraiths (D:12)
  21 yaks
  An air elemental (D:13)
  2 shadows
  3 wyverns
  3 unseen horror simulacra (D:9)
  Grum (D:8)
  A fire bat (shapeshifter) (D:14)
  2 basilisks
  A steam dragon (D:7)
  A hog (shapeshifter) (D:13)
  8 vampire mosquitoes
  Menkaure (D:5)
  3 nagas (Lair:3)
  An acid dragon (D:10)
  Edmund (D:5)
  10 water moccasins
  Duvessa (D:4)
  A swamp drake (Lair:3)
  A meliai simulacrum (D:15)
  20 orc warriors
  5 sky beasts
  3 black bears
  4 ice beasts
  24 wolves
  9 ogres
  12 centaurs
  3 slime creature simulacra (IceCv)
  12 bullfrogs
  3 gnoll sergeants
  3 scorpions
  9 wights
  Dowan (D:4)
  12 killer bees
  3 electric eels
  3 howler monkeys (D:7)
  2 hounds
  9 orc priests
  A gnoll bouda (D:7)
  15 jellies
  2 sleepcaps
  6 iguanas
  A shapeshifter simulacrum (IceCv)
  40 orc wizards
  A centaur simulacrum (D:9)
  15 gnolls
  9 adders
  5 white imps
  6 ufetubi
  5 dart slugs
  63 orcs
  3 bats
  8 endoplasms
  3 giant cockroaches
  7 goblins
  7 hobgoblins
  2 jackals (D:1)
  2 quokkas
  7 ball pythons
  A frilled lizard (D:1)
  6 kobolds
  4 rats (D:3)
627 creatures vanquished.

Vanquished Creatures (collateral kills)
  A centaur warrior (D:15)
  A deep elf pyromancer (Elf:1)
  An ice statue (IceCv)
  4 slime creatures (IceCv)
  3 great orb of eyes simulacra (IceCv)
  2 shapeshifter simulacra (IceCv)
12 creatures vanquished.

Vanquished Creatures (others)
  An orc wizard (Orc:2)
1 creature vanquished.

Grand Total: 640 creatures vanquished

Notes
Turn   | Place    | Note
-------+----------+-------------------------------------------
     0 | D:1      | concernfroge the Minotaur Berserker began the quest for the
                  | Orb.
     0 | D:1      | Reached XP level 1. HP: 19/19 MP: 0/0
   107 | D:1      | Reached XP level 2. HP: 27/27 MP: 1/1
   513 | D:1      | Reached XP level 3. HP: 33/33 MP: 2/2
   521 | D:1      | Reached ** piety under Trog
  1415 | D:2      | You fall into a shaft and drop 1 floor!
  1568 | D:3      | Reached XP level 4. HP: 36/40 MP: 3/3
  1777 | D:3      | Reached skill level 1 in Throwing
  1786 | D:3      | Reached XP level 5. HP: 45/47 MP: 4/4
  1912 | D:3      | Found a shimmering altar of Xom.
  2025 | D:3      | Found a runed translucent door.
  2026 | D:3      | Noticed Crazy Yiuf
  2219 | D:4      | Reached *** piety under Trog
  2228 | D:4      | Noticed Dowan
  2228 | D:4      | Noticed Duvessa
  2260 | D:4      | Killed Duvessa
  2261 | D:4      | Reached XP level 6. HP: 53/53 MP: 5/5
  2277 | D:4      | Killed Dowan
  2278 | D:4      | Reached skill level 5 in Armour
  2359 | D:4      | Found an ancient bone altar of Kikubaaqudgha.
  2360 | D:4      | Found a hide-covered altar of Uskayaw.
  2361 | D:4      | Found an ornate altar of the Wu Jian Council.
  2716 | D:4      | Noticed an ice beast
  2957 | D:4      | Killed an ice beast
  2958 | D:4      | Reached skill level 5 in Fighting
  2958 | D:4      | Reached skill level 5 in Polearms
  3122 | D:5      | Entered Level 5 of the Dungeon
  3173 | D:5      | Noticed Edmund
  3218 | D:5      | Found Ifag Fau's Magic Scroll Boutique.
  3227 | D:5      | Bought a scroll of identify for 28 gold pieces
  3227 | D:5      | Bought a scroll of identify for 28 gold pieces
  3227 | D:5      | Bought a scroll of enchant weapon for 105 gold pieces
  3227 | D:5      | Bought a scroll of identify for 28 gold pieces
  3321 | D:5      | Noticed Menkaure
  3454 | D:5      | Killed Edmund
  3455 | D:5      | Reached XP level 7. HP: 61/61 MP: 6/6
  3458 | D:5      | Killed Menkaure
  4005 | D:2      | Identified the +2 spear "Miz Gel" {flame, rF+ rC+ Dex+4}
  4280 | D:6      | Reached XP level 8. HP: 50/70 MP: 7/7
  4607 | D:6      | Reached skill level 5 in Dodging
  4607 | D:6      | Reached skill level 1 in Evocations
  4945 | D:6      | Found a staircase to the Ecumenical Temple.
  4956 | Temple   | Entered the Ecumenical Temple
  5214 | D:7      | Noticed bigdog255's ghost (novice DECj)
  5221 | D:7      | Found a transporter.
  5231 | D:7      | Found a transporter.
  5313 | D:7      | Reached XP level 9. HP: 74/78 MP: 8/8
  5837 | D:8      | Noticed Grum
  5865 | D:8      | Reached skill level 5 in Throwing
  5866 | D:8      | Killed Grum
  5874 | D:8      | Reached skill level 10 in Armour
  5919 | D:8      | Found a staircase to the Lair.
  5952 | D:8      | Reached **** piety under Trog
  6145 | D:8      | Reached XP level 10. HP: 30/88 MP: 9/9
  6457 | D:9      | Noticed Psyche
  6470 | D:9      | Killed Psyche
  6764 | D:9      | Found a staircase to the Orcish Mines.
  6803 | D:9      | Reached skill level 10 in Fighting
  6829 | D:9      | Reached skill level 10 in Polearms
  6924 | D:9      | Noticed a death yak
  6936 | D:9      | Killed a death yak
  7098 | D:10     | Entered Level 10 of the Dungeon
  7120 | D:10     | Paralysed by a hornet for 3 turns
  7125 | D:10     | Paralysed by a hornet for 2 turns
  7244 | D:10     | Found a sacrificial altar of Ru.
  7244 | D:10     | Found a hazy altar of Hepliaklqana.
  7244 | D:10     | Found a shimmering blue altar of Sif Muna.
  7375 | D:10     | Noticed Maggie
  7385 | D:10     | Killed Maggie
  7386 | D:10     | Reached XP level 11. HP: 76/102 MP: 10/10
  7493 | D:10     | Noticed a two-headed ogre
  7498 | D:10     | Killed a two-headed ogre
  8245 | Lair:1   | Entered Level 1 of the Lair of Beasts
  8510 | Lair:1   | Noticed Amaemon
  8530 | Lair:1   | Killed Amaemon
  8533 | Lair:1   | Found a runed translucent gate.
  8533 | Lair:1   | Found a runed translucent gate.
  8533 | Lair:1   | Found a runed translucent gate.
  8533 | Lair:1   | Noticed TacoSundae's ghost (journeyman AtFi)
  8636 | Lair:1   | You are sucked into a shaft and drop 1 floor!
  8662 | Lair:2   | Noticed a four-headed hydra
  8675 | Lair:2   | Killed a four-headed hydra
  8676 | Lair:2   | Reached skill level 5 in Evocations
  8734 | Lair:2   | Reached XP level 12. HP: 109/112 MP: 11/11
  9848 | Lair:3   | Found a staircase to the Snake Pit.
 10242 | Lair:3   | Found an ornate altar of the Wu Jian Council.
 10400 | Lair:3   | Found a staircase to the Swamp.
 10896 | Lair:1   | Reached XP level 13. HP: 124/124 MP: 12/12
 11403 | Lair:4   | Reached skill level 15 in Armour
 12176 | Lair:5   | Entered Level 5 of the Lair of Beasts
 12388 | Lair:5   | Found a staircase to the Slime Pits.
 12400 | Lair:5   | Reached skill level 15 in Fighting
 12431 | Lair:5   | Found a viscous altar of Jiyva.
 13016 | Lair:5   | Identified the ring "Redorhoil" {rC+ rCorr Int+3 Slay-3}
 13681 | D:11     | Reached skill level 15 in Polearms
 13775 | D:11     | Reached ***** piety under Trog
 14002 | D:11     | Reached XP level 14. HP: 105/137 MP: 13/13
 14540 | D:12     | Reached skill level 1 in Shields
 15337 | D:13     | Reached skill level 5 in Shields
 15449 | D:13     | Paralysed by an air elemental for 1 turns
 15455 | D:13     | Paralysed by an air elemental for 1 turns
 15458 | D:13     | Paralysed by an air elemental for 1 turns
 16102 | D:14     | Found a gate to the Vaults.
 16268 | D:14     | Received a gift from Trog
 16889 | Orc:1    | Entered Level 1 of the Orcish Mines
 16911 | Orc:1    | Found a frozen archway.
 17258 | IceCv    | Entered an ice cave
 17269 | IceCv    | Noticed a quicksilver ooze
 17280 | IceCv    | Killed a quicksilver ooze
 17722 | IceCv    | Noticed a quicksilver ooze
 17734 | IceCv    | Killed a quicksilver ooze
 17806 | IceCv    | Found a viscous altar of Jiyva.
 17806 | IceCv    | Noticed an azure jelly
 17815 | IceCv    | Killed an azure jelly
 17816 | IceCv    | Reached XP level 15. HP: 123/144 MP: 14/14
 17873 | IceCv    | Got the ring of Salvation {Ice ^Drain Int+5 Stlth+}
 17877 | IceCv    | Identified the amulet of Quph {Acrobat rC+}
 17984 | Orc:1    | Found Lucenati's Book Shop.
 18358 | Orc:2    | Entered Level 2 of the Orcish Mines
 18441 | Orc:2    | Found a staircase to the Elven Halls.
 18482 | Orc:2    | Found a shimmering altar of Xom.
 18638 | Orc:2    | Received a gift from Trog
 18949 | Orc:2    | Found Vougg's Magic Scroll Boutique.
 18969 | Orc:2    | Found an ancient bone altar of Kikubaaqudgha.
 19071 | Orc:2    | Noticed Erolcha
 19089 | Orc:2    | Killed Erolcha
 19107 | Orc:2    | Found a radiant altar of Vehumet.
 19109 | Orc:2    | Found Jux Icve's Antique Weapon Boutique.
 19153 | Orc:2    | Found Amni Kycs's Magic Scroll Shop.
 19160 | Orc:2    | Found Xur Iru's Book Shop.
 19642 | D:15     | Entered Level 15 of the Dungeon
 19642 | D:15     | Found Xoloigas's Armour Emporium.
 20193 | D:15     | Found a staircase to the Depths.
 20771 | D:15     | Identified a scroll of acquirement
 20772 | D:15     | Acquired a manual of Shields
 20939 | Orc:2    | Bought the +5 demon whip "Spellbinder" {antimagic, disrupt,
                  | Will+} for 1817 gold pieces
 20939 | Orc:2    | Found the +5 demon whip "Spellbinder" {antimagic, disrupt,
                  | Will+}
 21011 | Elf:1    | Entered Level 1 of the Elven Halls
 21018 | Elf:1    | Reached skill level 1 in Maces & Flails
 21035 | Orc:2    | Received a gift from Trog
 21035 | Orc:2    | HP: 7/147 [burnt (11)]
 21036 | Orc:2    | Incinerated by a deep elf pyromancer

Illustrated notes

Levels and vault maps discovered:
D:1:      eino_arrival_tree_alley, layout_loops_ring
D:2:      layout_basic
D:3:      layout_basic, old_standard_altar, uniq_crazy_yiuf_cottage
D:4:      layout_loops_corners, minitemple, uniq_duvessa
D:5:      layout_basic, serial_shops, nicolae_shop_waterfront, uniq_edmund,
          uniq_menkaure
D:6:      layout_gridville, minmay_temple_entry_drinking_statues, st_stairs_2,
          lightli_minifort
D:7:      layout_cave_pools, gammafunk_ghost_arena
D:8:      layout_rooms, erik_lair_orcish_takeover, uniq_grum
D:9:      layout_rooms, orc_0_dummy, serial_ice, serial_ice_k, serial_ice_e,
          serial_ice_h, serial_ice_b, serial_ice_f, serial_ice_g, serial_ice_a,
          serial_ice_m, serial_ice_n, serial_ice_o, uniq_psyche
D:10:     layout_loops_ring, gammafunk_temple_overflow_claw, uniq_maggie
D:11:     layout_irregular_city
D:12:     layout_irregular_city, grunt_decor_one_mirror, st_stairs_8
D:13:     layout_loops_corners, dreamdust_looks_like_rain
D:14:     layout_loops_ring, david_vaults_2, corexii_corridor_pit
D:15:     grunt_enter_depths_snipers, layout_small_grid, serial_shops,
          nicolae_shop_tiny_glass, nicolae_hexahallways, st_stairs_1
Temple:   minmay_freezing_vapour_temple
Lair:1:   beast_lair_carwin_large_3, layout_long_grid,
          ebering_ghost_rock_garden, eino_small_chamber_without_monster,
          grunt_megastairs_5, uniq_amaemon
Lair:2:   layout_hall_layers, wad_woods_river_01
Lair:3:   layout_chaotic_city, mainiacjoe_swamp_entry_lozenge_pond,
          nicolae_snake_entry_squirm, basic_altar, minmay_lair_oklob_items
Lair:4:   layout_cave_pods
Lair:5:   grunt_lair_end_beastmaster, layout_big_grid,
          minmay_slime_entry_jelly_boxes, infiniplex_staircase_pool_2
Orc:1:    layout_caves, serial_shops, shop, portal_ice_cave_demonic_guard
Orc:2:    kennysheep_orc_mage_school, layout_diamond_mine, basic_altar
Elf:1:    minmay_elf_arrival_circle, layout_loops_cross, serial_shops,
          nicolae_shop_stone, nicolae_shop_real_fake_doors, shop, shop_statue,
          shop, hangedman_elf_disciples

Skill      XL: |  1  2  3  4  5  6  7  8  9 10 11 12 13 14 15 |
---------------+----------------------------------------------+-----
Armour         | 3 4 5 7 8 10 14 16 17 | 17.0
Fighting       | 4 5 6 8 11 12 14 16 17 | 17.2
Polearms       | 4 5 6 8 11 14 15 16 17 | 17.2
Throwing       | 1 2 3 4 5 6 |  6.1
Dodging        | 3 4 5 8 |  8.0
Evocations     | 2 4 5 6 8 |  8.4
Shields        | 8 9 |  9.2
Maces & Flails | 2 |  2.9

Action                     |  1- 3 |  4- 6 |  7- 9 | 10-12 | 13-15 || total
---------------------------+-------+-------+-------+-------+-------++-------
  Melee: Spear             |   107 |   174 |    16 |       |       ||   297
         Headbutt          |    15 |    23 |    41 |    57 |   147 ||   283
         Punch             |     1 |     2 |     2 |       |       ||     5
         Trident           |       |       |   325 |     7 |    10 ||   342
         Glaive            |       |       |       |   402 |   869 ||  1271
  Throw: Dart              |       |       |     6 |       |     1 ||     7
 Invoke: Berserk           |       |     1 |     9 |    11 |    11 ||    32
         Trog's Hand       |       |       |     2 |     7 |    11 ||    20
         Brothers in Arms  |       |       |       |       |     5 ||     5
  Evoke: Wand              |       |       |       |       |     4 ||     4
    Use: Scroll            |       |    18 |     1 |     3 |    11 ||    33
         Potion            |       |     3 |     1 |       |     1 ||     5
 Armour: Plate armour      |    42 |    99 |   444 |   567 |   983 ||  2135
         Skin              |       |    22 |       |    20 |     2 ||    44
         Acid dragon scale |       |       |       |       |     6 ||     6
         Ice dragon scales |       |       |       |       |    70 ||    70
  Dodge: Dodged            |     9 |    55 |   122 |   232 |   486 ||   904
  Block: Kite shield       |       |       |       |     3 |       ||     3
